 Dungeon Crawl Stone Soup version 0.19-a0-353-g6b7ed47 (webtiles) character file.

142 shmeve the Shield-Bearer (level 5, -12/49 HPs)
             Began as a Deep Dwarf Fighter on May 30, 2016.
             Mangled by an ogre
             ... wielding a +0 giant spiked club
              (15 damage)
             ... on level 4 of the Dungeon.
             The game lasted 00:05:42 (2161 turns).

shmeve the Shield-Bearer (Deep Dwarf Fighter)       Turns: 2161, Time: 00:05:42

Health: -12/49     AC: 11    Str: 20    XL:     5   Next: 4%
Magic:  6/6        EV:  6    Int:  9    God:
Gold:   185        SH:  9    Dex: 12    Spells: 0 memorised, 4 levels left

rFire  . . .     SeeInvis .     a - +0 war axe
rCold  . . .     Gourm    .     k - +0 chain mail
rNeg   + . .     Faith    .     c - +0 shield
rPois  .         Spirit   .     (no helmet)
rElec  .         Dismiss  .     (no cloak)
rCorr  .         Reflect  .     u - +1 pair of gloves
SustAt .         Harm     .     (no boots)
MR     .....                    (no amulet)
Stlth  ..........               (no ring)
                                g - ring of positive energy

@: non-regenerating, drained, not resistant to hostile enchantments, extremely
unstealthy
A: damage resistance, recharge devices, sense surroundings 1, slow regeneration
3
a: Device Recharging


You were on level 4 of the Dungeon.
You were not hungry.

You visited 1 branch of the dungeon, and saw 4 of its levels.

You collected 185 gold pieces.

Inventory:

Hand Weapons
 a - a +0 war axe (weapon)
Armour
 c - a +0 shield (worn)
 k - a +0 chain mail (worn)
 u - a +1 pair of gloves (worn)
Jewellery
 g - a ring of positive energy (left hand)
Wands
 e - a wand of heal wounds (4/9)
 w - a wand of paralysis (9/24)
Scrolls
 i - a scroll of enchant armour
 n - 2 scrolls of identify
 p - 2 scrolls of random uselessness {unknown}
 r - a scroll of immolation {unknown}
 s - a scroll of amnesia {unknown}
 v - a scroll of remove curse
Potions
 b - a potion of flight {unknown}
 d - a potion of might
 h - a potion of resistance {unknown}
 j - 3 potions of curing
 m - 2 potions of haste {unknown}
 o - a potion of cancellation {unknown}
Comestibles
 f - 4 bread rations
 l - 4 meat rations
 q - 3 fruits
 t - 4 chunks of flesh


   Skills:
 * Level 3.3(3.2) Fighting
 * Level 3.0 Axes
 + Level 3.8 Armour
 + Level 1.5 Dodging
 * Level 4.2 Shields
 + Level 2.0(1.9) Evocations


You had 4 spell levels left.
You didn't know any spells.

Dungeon Overview and Level Annotations

Branches:
Dungeon (4/15)
 Temple: D:4-7

Altars:
Pakellas
The Shining One


Innate Abilities, Weirdness & Mutations

You are resistant to damage.
You can recharge devices by infusing magical energy.
You passively map a small area around you.
You do not regenerate naturally.


Message History

This raw flesh tastes terrible.
You continue eating. x2
Found 18 arrows.
As you open the door, it creaks loudly!
You hear a shout! x2
There is an open door here.
An ogre comes into view. It is wielding a giant spiked club.
An ogre is nearby!
The ogre hits you with a giant spiked club!!
You hit the ogre.
The ogre is moderately wounded.
The ogre hits you with a giant spiked club!
* * * LOW HITPOINT WARNING * * *
You barely miss the ogre.
The ogre is moderately wounded.
The ogre hits you with a giant spiked club!
* * * LOW HITPOINT WARNING * * *
You hit the ogre.
The ogre is moderately wounded.
The ogre hits you with a giant spiked club!
You die...

* *#### ####### ...
#.....#
######O####.....#####
.......@..'..........
*######.####..........
, #. #.....(.# * , #.
#.......# , #.*
###.....# ** * **#.
#####.##.###* , ,, ,..
#............ #..
#.###.##.####### *
#..##.###......#....


You could see an ogre.

Vanquished Creatures
  7 adders
  2 worms (D:2)
  4 giant geckos
  An orc (D:3)
  5 giant cockroaches
  7 goblins
  11 hobgoblins
  A quokka (D:2)
  2 ball pythons (D:3)
  10 bats
  3 giant newts
  9 kobolds
  7 rats
69 creatures vanquished.

Notes
Turn   | Place    | Note
--------------------------------------------------------------
     0 | D:1      | shmeve the Deep Dwarf Fighter began the quest for the Orb.
     0 | D:1      | Reached XP level 1. HP: 20/20 MP: 1/1
    89 | D:1      | Reached XP level 2. HP: 25/27 MP: 2/2
   683 | D:2      | Reached XP level 3. HP: 21/33 MP: 3/3
   778 | D:2      | Reached skill level 1 in Evocations
   926 | D:2      | Reached skill level 1 in Dodging
  1054 | D:2      | Reached XP level 4. HP: 14/42 MP: 3/5
  1230 | D:2      | Reached skill level 4 in Shields
  1674 | D:3      | Found a glowing golden altar of the Shining One.
  1996 | D:3      | Found an oddly glowing altar of Pakellas.
  2135 | D:4      | Reached XP level 5. HP: 37/49 MP: 6/6
  2158 | D:4      | Noticed an ogre
  2161 | D:4      | Mangled by an ogre

Vault maps used:
D:1:      lordsloth_arrival_two_stooges
D:3:      lemuel_coloured_pillars_altar, first_bread,
          nicolae_tso_carved_into_rock
D:4:      temple_fountains, uniq_eustachio

Skill      XL: |  1  2  3  4 |
---------------+-------------+-----
Evocations     | 1 2 |  2.0
Dodging        | 1 |  1.5
Fighting       | 3 |  3.3
Axes           | 3 |  3.0
Shields        | 4 |  4.2
Armour         | |  3.8

Action                   |  1- 3 |  4- 6 || total
-------------------------+-------+-------++-------
Melee: War axe           |   120 |   107 ||   227
Evoke: Wand              |       |     1 ||     1
  Use: Scroll            |       |     4 ||     4
  Eat: Chunk             |       |     5 ||     5
Armor: Scale mail        |    56 |    42 ||    98
       Chain mail        |       |    20 ||    20
Dodge: Dodged            |    32 |    49 ||    81
Block: Shield            |    80 |    72 ||   152
